 Dungeon Crawl Stone Soup version 0.21-a0-538-gd16b88a (webtiles) character file.

5096 Doomer the Carver (level 10, -1/88 (90) HPs)
             Began as a Black Draconian Berserker on Dec 15, 2017.
             Was a Believer of Trog.
             Killed themself with a bounced zap (2 damage)
             ... on level 8 of the Dungeon.
             The game lasted 00:21:49 (6513 turns).

Doomer the Carver (Black Draconian Berserker)       Turns: 6513, Time: 00:21:49

HP:   -1/88 (90)    AC: 11    Str: 22    XL:     10   Next: 32%
MP:   14/14         EV: 15    Int:  8    God:    Trog [**....]
Gold: 555           SH:  0    Dex: 11    Spells: 15/15 levels left

rFire    . . .     SeeInvis .   G - +3 scimitar
rCold    . . .     Gourm    .   (no shield)
rNeg     . . .     Faith    .   (armour unavailable)
rPois    +         Spirit   .   (helmet restricted)
rElec    +         Reflect  .   (no cloak)
rCorr    +         Harm     .   (no gloves)
MR       ++...                  (no boots)
Stlth    +++.......             (no amulet)
HPRegen  1.24/turn              u - +4 ring of protection
MPRegen  0.14/turn              t - ring of the Cuttlefish {rCorr rPois}

@: regenerating
A: breathe lightning, unfitting armour, big wings, electricity resistance,
evolution 1, cold-blooded, AC +7
a: Breathe Lightning, Fly, Berserk, Trog's Hand, Burn Spellbooks, Renounce
Religion


You were on level 8 of the Dungeon.
You worshipped Trog.
Trog was pleased with you.
You were not hungry.

You visited 1 branch of the dungeon, and saw 8 of its levels.

You collected 555 gold pieces.

Inventory:

Hand Weapons
 a - a +1 falchion
 G - a +3 scimitar (weapon)
Jewellery
 o - an uncursed ring of flight
 t - the ring of the Cuttlefish (right hand) {rCorr rPois}
   (You found it on level 4 of the Dungeon)

   [ring of resist corrosion]

   It protects you from poison.
 u - a +4 ring of protection (left hand)
 y - an uncursed ring of fire
 C - a +4 ring of dexterity
 I - an uncursed ring of wizardry
Wands
 w - a wand of polymorph (20)
 E - a wand of enslavement (3)
Scrolls
 c - a scroll of enchant weapon
 e - a scroll of enchant armour
 f - a scroll of amnesia
 g - 3 scrolls of teleportation
 i - 4 scrolls of remove curse
 j - a scroll of magic mapping {unknown}
 k - a scroll of noise
 m - 4 scrolls of identify
 s - a scroll of blinking {unknown}
 v - 2 scrolls of fear {unknown}
 x - a scroll of vulnerability {unknown}
 H - a scroll of fog {unknown}
Potions
 d - 2 potions of haste
 h - 3 potions of experience
 n - a potion of mutation
 q - 2 potions of berserk rage
 r - 2 potions of brilliance
 A - 2 potions of curing
 B - a potion of invisibility
 D - 2 potions of heal wounds {unknown}
 F - a potion of agility {unknown}
Comestibles
 b - 8 bread rations
 l - a meat ration
 p - 2 royal jellies
 z - 5 fruits


   Skills:
 + Level 8.8 Fighting
 + Level 9.0 Long Blades
 + Level 3.1 Throwing
 + Level 6.8 Dodging
 + Level 4.7 Stealth
 * Level 7.2 Unarmed Combat
 + Level 3.1 Spellcasting
 + Level 3.5 Evocations


You had 15 spell levels left.
You didn't know any spells.

Dungeon Overview and Level Annotations

Branches:
Dungeon (8/15)             Temple (0/1) D:4
   Lair: D:8-11

Altars:
Ashenzari
Cheibriados
Elyvilon
Gozag
Kikubaaqudgha
Okawaru
Ru
Trog
Wu Jian
Xom
Yredelemnul
Zin
Beogh

Shops:
D:4 }   D:6 (

Annotations:
D:8 exclusion: oklob plant, Curus's ghost, novice HOAK


Innate Abilities, Weirdness & Mutations

You can breathe wild blasts of lightning.
Your glossy black scales are hard. (AC +7)
You cannot fit into any form of body armour.
You are resistant to electric shocks. (rElec)
You are cold-blooded and may be slowed by cold attacks.
Your large and strong wings let you fly indefinitely.
You evolve.


Message History

Curus's ghost is heavily damaged.
Curus's ghost hits you!
* * * LOW HITPOINT WARNING * * *
You hit Curus's ghost.
Curus's ghost is heavily damaged.
You hit Curus's ghost but do no damage.
Curus's ghost is heavily damaged.
You feel the effects of Trog's Hand fading.
Curus's ghost closely misses you.
You hit Curus's ghost but do no damage.
Your tail-slap misses Curus's ghost.
You punch Curus's ghost, but do no damage.
Curus's ghost is heavily damaged.
Curus's ghost hits you!
* * * LOW HITPOINT WARNING * * *
You hit Curus's ghost.
Curus's ghost is heavily damaged.
Curus's ghost hits you!!
* * * LOW HITPOINT WARNING * * *
You breathe a wild blast of lightning!
The zap hits you! You resist.
You die...

#.# #.....†.....# #.#
#...........#
##.###.###...........#
......................#
###.###.##............#
#.##............#
#....###.########
###### #.# #@# #W#
........# .$.......
.......... ...........
...######### ... ..


You could see Curus's ghost.

Vanquished Creatures
  The ghost of tidbits the Digger, a novice GnEE (D:6)
  Joseph (D:7)
  Grinder (D:5)
  A spriggan (D:7)
  Edmund (D:5)
  3 ice beasts
  4 necrophages (D:7)
  A black bear (D:6)
  2 phantoms (D:5)
  4 ogres
  3 bullfrogs
  5 killer bees (D:7)
  5 wights (D:7)
  A howler monkey (D:4)
  A centaur zombie (D:6)
  A crimson imp (D:7)
  3 bullfrog zombies
  3 hounds
  6 orc wizards
  Crazy Yiuf (D:2)
  An orc priest (D:3)
  A jelly (D:7)
  An iguana (D:5)
  3 worker ants
  2 hound skeletons
  A howler monkey zombie (D:7)
  A worker ant zombie (D:5)
  7 adders
  2 shadow imps
  An ooze (D:2)
  3 worms
  2 dart slugs (D:2)
  4 leopard geckos
  18 orcs
  A ball python (D:5)
  6 bats
  7 giant cockroaches
  6 hobgoblins
  13 jackals
  7 kobolds
  A quokka (D:5)
  A frilled lizard (D:1)
  9 goblins
  A jackal skeleton (D:4)
  A leopard gecko skeleton (D:5)
  9 rats
157 creatures vanquished.

Notes
Turn   | Place    | Note
-------+----------+-------------------------------------------
     0 | D:1      | Doomer the Draconian Berserker began the quest for the Orb.
     0 | D:1      | Reached XP level 1. HP: 19/19 MP: 1/1
    51 | D:1      | Reached XP level 2. HP: 22/26 MP: 2/2
   305 | D:1      | Reached ** piety under Trog
   542 | D:2      | Found an iron altar of Okawaru.
   579 | D:2      | Reached XP level 3. HP: 30/33 MP: 3/3
   692 | D:2      | Found a snail-covered altar of Cheibriados.
   971 | D:2      | Found a runed door.
  1138 | D:2      | Noticed Crazy Yiuf
  1143 | D:2      | Killed Crazy Yiuf
  1143 | D:2      | Reached XP level 4. HP: 32/40 MP: 4/4
  1427 | D:3      | Reached skill level 4 in Long Blades
  1462 | D:3      | Found an ornate altar of the Wu Jian Council.
  1661 | D:3      | Reached XP level 5. HP: 30/46 MP: 5/5
  1814 | D:3      | Found a roughly hewn altar of Beogh.
  1835 | D:3      | Reached skill level 1 in Unarmed Combat
  1917 | D:4      | Found a staircase to the Ecumenical Temple.
  2077 | D:4      | Reached *** piety under Trog
  2077 | D:4      | Reached XP level 6. HP: 45/53 MP: 6/6
  2098 | D:4      | Found a glowing silver altar of Zin.
  2150 | D:4      | Found Ibubas's Gadget Shop.
  2166 | D:4      | Reached skill level 5 in Long Blades
  2166 | D:4      | Reached skill level 1 in Stealth
  2406 | D:4      | Got a crude brass ring
  2407 | D:4      | Identified the ring of the Cuttlefish {rCorr rPois} (You found it on level 4 of the Dungeon)
  2533 | D:4      | Your scales start taking on a glossy black colour.
  2533 | D:4      | Reached XP level 7. HP: 55/60 MP: 7/7
  2533 | D:4      | Gained mutation: You are resistant to electric shocks. (rElec) [Black Draconian growth]
  2614 | D:5      | Entered Level 5 of the Dungeon
  2614 | D:5      | Found an opulent altar of Gozag.
  2968 | D:5      | Reached skill level 6 in Long Blades
  3289 | D:5      | Reached skill level 5 in Fighting
  3352 | D:5      | Noticed Edmund
  3378 | D:5      | Killed Edmund
  3382 | D:5      | Found a shattered altar of Ashenzari.
  3383 | D:5      | Found a shimmering altar of Xom.
  3384 | D:5      | Found a white marble altar of Elyvilon.
  3396 | D:5      | Noticed Grinder
  3421 | D:5      | Killed Grinder
  3421 | D:5      | Reached XP level 8. HP: 23/68 MP: 8/8
  3441 | D:5      | Reached skill level 5 in Dodging
  3681 | D:5      | Found a basalt altar of Yredelemnul.
  4048 | D:5      | Reached skill level 7 in Long Blades
  4048 | D:5      | Reached XP level 9. HP: 70/81 MP: 8/13
  4169 | D:6      | Found an ancient bone altar of Kikubaaqudgha.
  4169 | D:6      | Found an opulent altar of Gozag.
  4354 | D:6      | Noticed tidbits's ghost (novice GnEE)
  4365 | D:6      | Reached skill level 8 in Long Blades
  4382 | D:6      | Killed tidbits's ghost
  4575 | D:6      | Found a bloodstained altar of Trog.
  4611 | D:6      | Found a sacrificial altar of Ru.
  4809 | D:6      | Found Piesid's Weapon Emporium.
  4931 | D:7      | Gained mutation: You evolve. [potion of mutation]
  4931 | D:7      | Gained mutation: Your large and strong wings let you fly indefinitely. [potion of mutation]
  5470 | D:7      | Reached XP level 10. HP: 59/89 MP: 14/14
  5951 | D:7      | Noticed Joseph
  5965 | D:7      | Killed Joseph
  6327 | D:7      | Reached skill level 9 in Long Blades
  6471 | D:8      | Found an iron altar of Okawaru.
  6471 | D:8      | Noticed an oklob plant
  6494 | D:8      | Noticed Curus's ghost (novice HOAK)
  6512 | D:8      | HP: 1/88 [Curus's ghost (18)]
  6513 | D:8      | Killed themself with a bounced zap

Vault maps used:
D:1:      lightli_arrival_farm
D:2:      okawaru_metal_pillars_1_2, kennysheep_slug_shrine, first_bread,
          uniq_crazy_yiuf_cottage
D:3:      lemuel_round_altar, kennysheep_orc_chapel
D:4:      zin_statuary, minmay_temple_entry_butterflies, serial_shops,
          shop_coins
D:5:      grunt_temple_overflow_open, hangedman_feature_mirror, uniq_grinder,
          uniq_edmund
D:6:      nicolae_ru_awakened_eye, chequers_temple_overflow_statue_of_worship,
          basic_altar, serial_shops, nicolae_shop_behind_doors, st_stairs_12
D:7:      serial_undead, serial_undead_b, serial_undead_b, serial_undead_a,
          serial_undead_f, the_bakery, uniq_joseph
D:8:      nicolae_dithmenos_shadow_blocks, st_stairs_8, lemuel_oklob_altar,
          uniq_gastronok, uniq_pikel

Skill      XL: |  1  2  3  4  5  6  7  8  9 10 |
---------------+-------------------------------+-----
Dodging        | 3 4 6 |  6.8
Fighting       | 4 5 8 |  8.8
Long Blades    | 4 5 6 7 8 9 |  9.0
Unarmed Combat | 1 2 3 6 7 |  7.2
Stealth        | 1 2 4 |  4.7
Throwing       | 3 |  3.1
Spellcasting   | 3 |  3.1
Evocations     | 3 |  3.5

Action                   |  1- 3 |  4- 6 |  7- 9 | 10-12 || total
-------------------------+-------+-------+-------+-------++-------
Melee: Falchion          |    92 |   154 |   294 |    32 ||   572
       Tailslap          |    13 |    31 |    56 |    15 ||   115
       Punch             |       |     1 |    11 |     6 ||    18
       Scimitar          |       |       |       |    74 ||    74
Invok: Trog's Hand       |       |     1 |     3 |     1 ||     5
       Berserk           |       |       |     1 |       ||     1
 Abil: Breathe Lightning |       |       |     4 |       ||     4
  Use: Scroll            |       |       |    13 |       ||    13
       Potion            |       |       |     2 |       ||     2
 Stab: Sleeping          |     1 |     1 |     4 |       ||     6
       Distracted        |       |       |       |     1 ||     1
  Eat: Chunk             |       |     5 |       |       ||     5
       Bread ration      |       |     1 |     2 |     1 ||     4
Armor: Skin              |    34 |    32 |   121 |    25 ||   212
Dodge: Dodged            |    69 |    99 |   220 |    51 ||   439
       Rpst.: Falchion   |    21 |    37 |    70 |     4 ||   132
       Scimitar          |       |       |       |    10 ||    10

Table legend:
 A = Spawn XP
 B = Non-spawn XP
 C = Spawn XP percentage of total XP
 D = Spawn monster count
 E = Non-spawn monster count
 F = Spawn count percentage of total count
 G = Total turns spent on level
                    A         B        C        D         E        F      G
               +---------+---------+-------+---------+---------+-------+---------
         Total |       0 |    5520 |   0.0 |       0 |     157 |   0.0 |  6513
               +---------+---------+-------+---------+---------+-------+---------
           D:1 |       0 |      32 |   0.0 |       0 |      22 |   0.0 |   521
           D:2 |       0 |     105 |   0.0 |       0 |      17 |   0.0 |   682
           D:3 |       0 |     115 |   0.0 |       0 |      27 |   0.0 |   714
           D:4 |       0 |     490 |   0.0 |       0 |      18 |   0.0 |   697
           D:5 |       0 |    1078 |   0.0 |       0 |      23 |   0.0 |  1533
           D:6 |       0 |    1257 |   0.0 |       0 |      15 |   0.0 |   759
           D:7 |       0 |    2430 |   0.0 |       0 |      34 |   0.0 |  1550
           D:8 |       0 |      13 |   0.0 |       0 |       1 |   0.0 |    57
               +---------+---------+-------+---------+---------+-------+---------
